3130 views
Uploaded 2020-04-18 22:36:11
Game version 1.32.3
51:12 long 1on1 ladder game on (2)NorthernIsles
Saved by BEARAND
3130 views
Uploaded 2020-04-18 22:36:11
Game version 1.32.3
51:12 long 1on1 ladder game on (2)NorthernIsles

24 units @ 3k
/ 0.3k
157 buildings @ 7k
/ 4.1k



| Scroll of Regeneration | 4 | 400 |
| Staff of Sanctuary | 3 | 750 |
| Orb of Fire | 2 | 650 |
| Potion of Healing | 4 | 600 |
| Potion of Mana | 3 | 600 |
| Boots of Speed | 3 | 750 |
| Staff of Teleportation | 3 | 450 |
| Ancient Janggo of Endurance | 1 | 500 |
| total: | 23 | 4700g |
| Peasant | 15 | 1125 | / | 0 |
| Priest | 1 | 135 | / | 10 |
| Dragonhawk Rider | 6 | 1200 | / | 180 |
| Sorceress | 1 | 155 | / | 20 |
| Goblin Shredder | 1 | 375 | / | 100 |
| total: | 24 | 2990g | / | 310w |
| Scout Tower | 140 | 4200 | / | 2800 |
| Arcane Tower | 8 | 560 | / | 400 |
| Guard Tower | 94 | 6580 | / | 4700 |
| Altar of Kings | 1 | 180 | / | 50 |
| Farm | 5 | 400 | / | 100 |
| Lumber Mill | 1 | 120 | / | 0 |
| Arcane Vault | 3 | 390 | / | 90 |
| Town Hall | 3 | 1155 | / | 615 |
| Blacksmith | 1 | 140 | / | 60 |
| Barracks | 1 | 160 | / | 60 |
| Arcane Sanctum | 1 | 150 | / | 140 |
| Gryphon Aviary | 1 | 140 | / | 150 |
| Keep | 1 | 320 | / | 210 |
| Castle | 1 | 360 | / | 210 |
| total: | 157 | 7035g | / | 4065w |
| 0:01 | Peasant |
| 0:02 | Peasant |
| 0:03 | Peasant |
| 0:11 | Altar of Kings |
| 0:18 | Farm |
| 0:20 | Lumber Mill |
| 0:23 | Scout Tower |
| 0:34 | Peasant |
| 0:40 | Peasant |
| 1:01 | Peasant |
| 1:19 | Farm |
| 1:21 | Arcane Vault |
| 1:23 | Peasant |
| 1:23 | Peasant |
| 1:39 | Arcane Tower |
| 1:50 | Scout Tower |
| 1:52 | Peasant |
| 2:06 | Peasant |
| 2:12 | Blizzard |
| 2:17 | Peasant |
| 2:17 | Guard Tower |
| 2:19 | Scout Tower |
| 2:19 | Peasant |
| 2:38 | Peasant |
| 2:54 | Guard Tower |
| 2:55 | Scout Tower |
| 2:55 | Scout Tower |
| 3:23 | Brilliance Aura |
| 3:25 | Peasant |
| 3:25 | Peasant |
| 3:40 | Boots of Speed |
| 3:40 | Staff of Teleportation |
| 3:50 | Guard Tower |
| 3:51 | Scout Tower |
| 4:11 | Keep |
| 4:25 | Improved Masonry |
| 4:57 | Town Hall |
| 5:01 | Scout Tower |
| 5:04 | Scout Tower |
| 5:14 | Farm |
| 5:27 | Arcane Tower |
| 5:37 | Scout Tower |
| 5:43 | Guard Tower |
| 5:46 | Scout Tower |
| 5:52 | Guard Tower |
| 6:10 | Scroll of Regeneration |
| 6:18 | Farm |
| 6:26 | Guard Tower |
| 7:11 | Blizzard |
| 7:21 | Guard Tower |
| 7:24 | Scout Tower |
| 7:25 | Scout Tower |
| 7:25 | Scout Tower |
| 7:26 | Scout Tower |
| 7:26 | Scout Tower |
| 7:27 | Scout Tower |
| 7:36 | Arcane Sanctum |
| 7:40 | Scroll of Regeneration |
| 7:53 | Advanced Masonry |
| 7:59 | Guard Tower |
| 8:20 | Guard Tower |
| 8:30 | Storm Bolt |
| 8:32 | Boots of Speed |
| 8:32 | Staff of Teleportation |
| 8:59 | Magic Sentry |
| 8:59 | Priest |
| 9:06 | Scroll of Regeneration |
| 9:11 | Scroll of Regeneration |
| 9:15 | Scout Tower |
| 9:16 | Scout Tower |
| 9:17 | Scout Tower |
| 9:17 | Scout Tower |
| 9:17 | Scout Tower |
| 9:18 | Scout Tower |
| 9:18 | Scout Tower |
| 9:19 | Castle |
| 9:26 | Guard Tower |
| 9:46 | Guard Tower |
| 9:49 | Guard Tower |
| 9:50 | Farm |
| 10:01 | Bash |
| 10:12 | Arcane Vault |
| 10:12 | Scout Tower |
| 10:13 | Scout Tower |
| 10:13 | Scout Tower |
| 10:14 | Scout Tower |
| 10:14 | Scout Tower |
| 10:28 | Guard Tower |
| 10:37 | Guard Tower |
| 10:41 | Scout Tower |
| 10:41 | Scout Tower |
| 10:51 | Guard Tower |
| 11:10 | Goblin Shredder |
| 11:20 | Guard Tower |
| 11:43 | Guard Tower |
| 11:50 | Gryphon Aviary |
| 12:04 | Staff of Sanctuary |
| 12:13 | Guard Tower |
| 12:22 | Staff of Sanctuary |
| 12:22 | Orb of Fire |
| 12:30 | Orb of Fire |
| 12:38 | Guard Tower |
| 12:39 | Guard Tower |
| 12:40 | Imbued Masonry |
| 13:04 | Guard Tower |
| 13:05 | Guard Tower |
| 13:07 | Scout Tower |
| 13:08 | Scout Tower |
| 13:08 | Scout Tower |
| 13:09 | Scout Tower |
| 13:09 | Scout Tower |
| 13:09 | Scout Tower |
| 13:09 | Scout Tower |
| 13:10 | Scout Tower |
| 13:29 | Storm Bolt |
| 13:33 | Guard Tower |
| 13:34 | Dragonhawk Rider |
| 13:44 | Holy Light |
| 13:59 | Storm Bolt |
| 14:06 | Dragonhawk Rider |
| 14:06 | Dragonhawk Rider |
| 14:12 | Boots of Speed |
| 14:12 | Staff of Teleportation |
| 14:35 | Brilliance Aura |
| 14:47 | Guard Tower |
| 14:53 | Blacksmith |
| 14:55 | Barracks |
| 14:55 | Guard Tower |
| 16:19 | Divine Shield |
| 16:26 | Guard Tower |
| 16:26 | Guard Tower |
| 16:32 | Iron Forged Swords |
| 16:32 | Studded Leather Armor |
| 16:34 | Dragonhawk Rider |
| 16:37 | Guard Tower |
| 16:38 | Scout Tower |
| 16:39 | Scout Tower |
| 16:39 | Scout Tower |
| 16:40 | Scout Tower |
| 16:40 | Scout Tower |
| 16:41 | Scout Tower |
| 16:48 | Arcane Tower |
| 17:45 | Scout Tower |
| 17:45 | Scout Tower |
| 17:47 | Scout Tower |
| 17:48 | Scout Tower |
| 17:49 | Scout Tower |
| 17:49 | Scout Tower |
| 17:50 | Scout Tower |
| 17:50 | Scout Tower |
| 17:51 | Scout Tower |
| 17:51 | Scout Tower |
| 17:52 | Scout Tower |
| 17:52 | Scout Tower |
| 17:53 | Scout Tower |
| 17:54 | Scout Tower |
| 17:54 | Scout Tower |
| 17:55 | Scout Tower |
| 17:55 | Scout Tower |
| 19:20 | Guard Tower |
| 19:21 | Guard Tower |
| 19:22 | Animal War Training |
| 19:23 | Guard Tower |
| 20:19 | Staff of Sanctuary |
| 20:27 | Scout Tower |
| 20:28 | Scout Tower |
| 20:28 | Scout Tower |
| 20:28 | Scout Tower |
| 20:30 | Scout Tower |
| 20:30 | Scout Tower |
| 20:31 | Scout Tower |
| 20:32 | Scout Tower |
| 20:33 | Scout Tower |
| 20:34 | Scout Tower |
| 20:34 | Scout Tower |
| 20:35 | Scout Tower |
| 20:35 | Scout Tower |
| 20:36 | Scout Tower |
| 20:37 | Scout Tower |
| 20:37 | Scout Tower |
| 20:54 | Guard Tower |
| 20:55 | Guard Tower |
| 21:20 | Guard Tower |
| 21:21 | Guard Tower |
| 21:47 | Guard Tower |
| 21:48 | Guard Tower |
| 22:00 | Town Hall |
| 22:17 | Guard Tower |
| 22:19 | Scout Tower |
| 22:19 | Scout Tower |
| 22:20 | Scout Tower |
| 22:20 | Scout Tower |
| 22:20 | Scout Tower |
| 22:21 | Scout Tower |
| 22:21 | Scout Tower |
| 22:21 | Scout Tower |
| 22:40 | Bash |
| 22:45 | Guard Tower |
| 23:02 | Guard Tower |
| 23:24 | Scout Tower |
| 23:24 | Scout Tower |
| 23:24 | Scout Tower |
| 23:25 | Scout Tower |
| 23:25 | Scout Tower |
| 23:26 | Scout Tower |
| 23:26 | Scout Tower |
| 23:26 | Scout Tower |
| 23:29 | Guard Tower |
| 23:35 | Steel Forged Swords |
| 23:35 | Reinforced Leather Armor |
| 23:40 | Guard Tower |
| 23:47 | Guard Tower |
| 23:48 | Scout Tower |
| 24:30 | Guard Tower |
| 24:44 | Guard Tower |
| 24:50 | Scout Tower |
| 24:51 | Scout Tower |
| 24:51 | Scout Tower |
| 24:51 | Scout Tower |
| 24:52 | Scout Tower |
| 24:52 | Scout Tower |
| 24:53 | Scout Tower |
| 24:53 | Scout Tower |
| 24:53 | Scout Tower |
| 25:04 | Dragonhawk Rider |
| 25:04 | Dragonhawk Rider |
| 25:05 | Cloud |
| 25:06 | Mithril Forged Swords |
| 25:12 | Town Hall |
| 25:23 | Scout Tower |
| 25:23 | Scout Tower |
| 25:24 | Scout Tower |
| 25:24 | Scout Tower |
| 25:50 | Guard Tower |
| 25:52 | Guard Tower |
| 25:52 | Guard Tower |
| 25:53 | Guard Tower |
| 26:01 | Guard Tower |
| 26:04 | Guard Tower |
| 26:04 | Guard Tower |
| 26:09 | Guard Tower |
| 26:11 | Scout Tower |
| 26:12 | Scout Tower |
| 26:16 | Guard Tower |
| 26:18 | Guard Tower |
| 26:19 | Arcane Tower |
| 26:27 | Guard Tower |
| 26:27 | Guard Tower |
| 26:29 | Guard Tower |
| 26:32 | Scout Tower |
| 26:33 | Scout Tower |
| 26:34 | Scout Tower |
| 26:34 | Scout Tower |
| 26:35 | Scout Tower |
| 26:35 | Scout Tower |
| 26:37 | Guard Tower |
| 26:41 | Scout Tower |
| 26:41 | Scout Tower |
| 26:42 | Scout Tower |
| 26:42 | Scout Tower |
| 26:43 | Scout Tower |
| 26:43 | Scout Tower |
| 26:43 | Scout Tower |
| 26:49 | Arcane Vault |
| 27:02 | Guard Tower |
| 27:09 | Guard Tower |
| 27:09 | Arcane Tower |
| 27:10 | Guard Tower |
| 27:12 | Scout Tower |
| 27:13 | Scout Tower |
| 27:14 | Scout Tower |
| 27:14 | Scout Tower |
| 27:14 | Scout Tower |
| 27:39 | Guard Tower |
| 27:42 | Guard Tower |
| 27:58 | Guard Tower |
| 27:59 | Guard Tower |
| 28:13 | Arcane Tower |
| 28:31 | Ancient Janggo of Endurance |
| 28:59 | Guard Tower |
| 29:27 | Holy Light |
| 29:30 | Holy Light |
| 29:33 | Guard Tower |
| 29:49 | Guard Tower |
| 30:09 | Scout Tower |
| 30:10 | Scout Tower |
| 30:10 | Scout Tower |
| 30:11 | Scout Tower |
| 30:11 | Scout Tower |
| 30:12 | Scout Tower |
| 30:13 | Scout Tower |
| 30:13 | Scout Tower |
| 30:14 | Scout Tower |
| 30:14 | Scout Tower |
| 30:14 | Scout Tower |
| 30:15 | Scout Tower |
| 30:31 | Sorceress |
| 30:31 | Sorceress Adept Training |
| 30:47 | Scout Tower |
| 31:07 | Guard Tower |
| 31:15 | Arcane Tower |
| 31:52 | Arcane Tower |
| 31:57 | Guard Tower |
| 33:03 | Guard Tower |
| 33:04 | Guard Tower |
| 34:37 | Guard Tower |
| 34:45 | Guard Tower |
| 35:51 | Potion of Healing |
| 37:39 | Potion of Mana |
| 37:45 | Blizzard |
| 37:53 | Potion of Mana |
| 38:03 | Potion of Healing |
| 38:08 | Potion of Healing |
| 38:09 | Potion of Healing |
| 38:14 | Guard Tower |
| 38:16 | Guard Tower |
| 40:04 | Potion of Mana |
| 41:54 | Storm Bolt |
| 45:17 | Divine Shield |
| 46:56 | Mass Teleport |
| Right click | 4621 |
| Select | 1329 |
| Select group | 832 |
| Chat | 528 |
| Build/train/purchase | 337 |
| Use ability | 218 |
| Misc. action | 54 |
| Assign group | 29 |
| Item give/drop | 14 |
| Remove unit | 1 |
/ 2.2k
49 buildings @ 4.3k
/ 2.2k



| Peasant | 23 | 1725 | / | 0 |
| Rifleman | 7 | 1435 | / | 210 |
| Priest | 5 | 675 | / | 50 |
| Knight | 9 | 2205 | / | 540 |
| Sorceress | 3 | 465 | / | 60 |
| Siege Engine | 6 | 1170 | / | 360 |
| Mortar Team | 14 | 2520 | / | 980 |
| total: | 67 | 10195g | / | 2200w |
| Scout Tower | 24 | 720 | / | 480 |
| Arcane Tower | 5 | 350 | / | 250 |
| Guard Tower | 18 | 1260 | / | 900 |
| Farm | 12 | 960 | / | 240 |
| Altar of Kings | 1 | 180 | / | 50 |
| Blacksmith | 1 | 140 | / | 60 |
| Barracks | 2 | 320 | / | 120 |
| Lumber Mill | 1 | 120 | / | 0 |
| Town Hall | 3 | 1155 | / | 615 |
| Arcane Vault | 1 | 130 | / | 30 |
| Arcane Sanctum | 1 | 150 | / | 140 |
| Workshop | 3 | 420 | / | 420 |
| Keep | 1 | 320 | / | 210 |
| Castle | 1 | 360 | / | 210 |
| total: | 49 | 4295g | / | 2155w |
| 0:04 | Peasant |
| 0:04 | Peasant |
| 0:04 | Peasant |
| 0:05 | Peasant |
| 0:05 | Peasant |
| 0:05 | Peasant |
| 0:42 | Peasant |
| 1:07 | Farm |
| 1:22 | Altar of Kings |
| 1:38 | Peasant |
| 1:46 | Farm |
| 2:00 | Peasant |
| 2:00 | Peasant |
| 2:15 | Blacksmith |
| 2:21 | Peasant |
| 2:39 | Farm |
| 2:51 | Pocket Factory |
| 2:59 | Barracks |
| 3:15 | Keep |
| 3:18 | Farm |
| 3:27 | Barracks |
| 3:37 | Rifleman |
| 3:41 | Scout Tower |
| 3:57 | Farm |
| 4:00 | Rifleman |
| 4:09 | Arcane Tower |
| 4:18 | Rifleman |
| 4:36 | Rifleman |
| 4:55 | Rifleman |
| 5:15 | Rifleman |
| 5:18 | Farm |
| 5:28 | Engineering Upgrade |
| 5:41 | Arcane Sanctum |
| 5:53 | Long Rifles |
| 6:22 | Rifleman |
| 6:30 | Scout Tower |
| 6:48 | Lumber Mill |
| 6:57 | Scout Tower |
| 7:05 | Priest |
| 7:10 | Farm |
| 7:12 | Arcane Tower |
| 7:17 | Scout Tower |
| 7:20 | Black Gunpowder |
| 7:30 | Priest |
| 7:41 | Priest Adept Training |
| 7:47 | Guard Tower |
| 7:48 | Guard Tower |
| 8:33 | Studded Leather Armor |
| 9:04 | Town Hall |
| 9:18 | Scout Tower |
| 9:38 | Pocket Factory |
| 9:42 | Refined Gunpowder |
| 9:49 | Scout Tower |
| 10:06 | Arcane Tower |
| 10:08 | Scout Tower |
| 10:17 | Guard Tower |
| 10:19 | Scout Tower |
| 10:24 | Improved Lumber Harvesting |
| 10:28 | Castle |
| 10:34 | Guard Tower |
| 10:35 | Scout Tower |
| 10:46 | Guard Tower |
| 10:48 | Scout Tower |
| 11:04 | Peasant |
| 11:04 | Peasant |
| 11:04 | Peasant |
| 11:07 | Guard Tower |
| 11:12 | Scout Tower |
| 11:28 | Scout Tower |
| 11:55 | Arcane Tower |
| 11:57 | Guard Tower |
| 12:00 | Peasant |
| 12:11 | Guard Tower |
| 12:16 | Improved Masonry |
| 12:41 | Sorceress Adept Training |
| 12:51 | Farm |
| 12:54 | Farm |
| 13:05 | Peasant |
| 13:05 | Peasant |
| 13:05 | Peasant |
| 13:06 | Peasant |
| 13:07 | Advanced Lumber Harvesting |
| 13:23 | Sundering Blades |
| 13:24 | Animal War Training |
| 13:32 | Arcane Vault |
| 13:56 | Priest Master Training |
| 14:05 | Engineering Upgrade |
| 14:13 | Knight |
| 14:22 | Sorceress Master Training |
| 14:37 | Priest |
| 14:40 | Holy Light |
| 14:49 | Knight |
| 14:52 | Knight |
| 15:10 | Pocket Factory |
| 15:27 | Knight |
| 15:28 | Knight |
| 15:29 | Iron Forged Swords |
| 15:45 | Advanced Masonry |
| 16:03 | Storm Bolt |
| 16:20 | Farm |
| 16:26 | Farm |
| 16:33 | Farm |
| 16:51 | Iron Plating |
| 17:05 | Imbued Masonry |
| 17:10 | Sorceress |
| 17:12 | Knight |
| 17:13 | Knight |
| 17:45 | Sorceress |
| 17:58 | Steel Forged Swords |
| 18:58 | Priest |
| 18:59 | Priest |
| 19:00 | Knight |
| 19:01 | Knight |
| 19:10 | Town Hall |
| 19:19 | Scout Tower |
| 20:19 | Scout Tower |
| 20:23 | Scout Tower |
| 20:25 | Arcane Tower |
| 20:29 | Town Hall |
| 20:38 | Steel Plating |
| 20:49 | Guard Tower |
| 20:51 | Scout Tower |
| 20:53 | Guard Tower |
| 20:55 | Scout Tower |
| 21:20 | Guard Tower |
| 21:22 | Guard Tower |
| 21:24 | Scout Tower |
| 21:31 | Sorceress |
| 21:39 | Scout Tower |
| 21:41 | Scout Tower |
| 21:53 | Guard Tower |
| 21:55 | Scout Tower |
| 22:09 | Guard Tower |
| 22:24 | Guard Tower |
| 23:23 | Scout Tower |
| 23:28 | Scout Tower |
| 23:33 | Scout Tower |
| 24:10 | Devotion Aura |
| 24:22 | Guard Tower |
| 24:22 | Guard Tower |
| 24:23 | Guard Tower |
| 24:48 | Workshop |
| 25:03 | Workshop |
| 25:13 | Mithril Plating |
| 25:37 | Workshop |
| 26:21 | Siege Engine |
| 26:23 | Siege Engine |
| 26:29 | Siege Engine |
| 26:53 | Peasant |
| 26:54 | Peasant |
| 26:54 | Peasant |
| 26:58 | Peasant |
| 27:16 | Barrage |
| 27:20 | Siege Engine |
| 27:21 | Siege Engine |
| 27:57 | Imbued Gunpowder |
| 28:12 | Siege Engine |
| 31:30 | Fragmentation Shards |
| 31:31 | Flare |
| 32:16 | Mortar Team |
| 32:18 | Mortar Team |
| 32:20 | Mortar Team |
| 32:22 | Mortar Team |
| 33:24 | Reinforced Leather Armor |
| 34:23 | Mortar Team |
| 36:03 | Bash |
| 38:10 | Mortar Team |
| 38:11 | Mortar Team |
| 38:12 | Mortar Team |
| 38:47 | Mortar Team |
| 38:47 | Mortar Team |
| 38:48 | Mortar Team |
| 40:06 | Mortar Team |
| 40:06 | Mortar Team |
| 40:07 | Mortar Team |
| Select group | 1209 |
| Select | 584 |
| Right click | 431 |
| Misc. action | 224 |
| Build/train/purchase | 145 |
| Use ability | 69 |
| Chat | 42 |
| Assign group | 35 |
| Esc | 4 |